 Dungeon Crawl Stone Soup version 0.30-a0-626-gd6a5dd7a1f (webtiles) character file.

Game seed: 8265113185316006918

511 voltaire321 the Ducker (level 7, -7/54 HPs)
             Began as a Merfolk Gladiator on Jan 12, 2023.
             Mangled by an iguana (9 damage)
             ... on level 5 of the Dungeon.
             The game lasted 00:06:42 (3412 turns).

voltaire321 the Ducker (Merfolk Gladiator)          Turns: 3412, Time: 00:06:43

Health: -7/54      AC:  4    Str: 14    XL:     7   Next: 19%
Magic:  7/7        EV: 15    Int:  8    God:
Gold:   268        SH:  0    Dex: 19    Spells: 6/6 levels left

rFire   . . .      SeeInvis +    j - +7 dagger of the Final Decision {heavy, +Blink Will+ Dex+2 SInv}
rCold   . . .      Faith    .    (no shield)
rNeg    . . .      Spirit   .    b - +0 leather armour
rPois   .          Reflect  .    c - +0 helmet
rElec   .          Harm     .    (no cloak)
rCorr   .          Rampage  .    (no gloves)
Will    +....                    (no boots)
Stlth   +                        (no amulet)
HPRegen 0.29/turn                (no ring)
MPRegen 0.10/turn                (no ring)

@: no status effects
A: (nimble swimmer 2), mertail
a: Evoke Blink


You were on level 5 of the Dungeon.
You visited 1 branch of the dungeon, and saw 5 of its levels.

You collected 268 gold pieces.

Inventory:

Hand Weapons
 a - a +0 long sword
 j - the +7 dagger of the Final Decision (weapon) {heavy, +Blink Will+ Dex+2 SInv}
   (You took it off a gnoll on level 2 of the Dungeon)

   Dex:       It affects your dexterity (+2).
   SInv:      It lets you see invisible.
   +Blink:    It lets you blink.
   Will:      It increases your willpower.
Missiles
 d - 3 throwing nets (quivered)
 k - a javelin
 r - 2 boomerangs
 s - 5 poisoned darts
Armour
 b - a +0 leather armour (worn)
 c - a +0 helmet (worn)
Scrolls
 f - 6 scrolls of identify {unknown}
 i - a scroll of fog {unknown}
 l - a scroll of magic mapping {unknown}
 m - 2 scrolls of teleportation {unknown}
 n - 2 scrolls of amnesia {unknown}
 o - 2 scrolls of blinking {unknown}
Potions
 e - 3 potions of curing {unknown}
 g - a potion of might {unknown}
 h - a potion of flight {unknown}
 p - a potion of berserk rage {unknown}
 q - a potion of brilliance {unknown}


   Skills:
 + Level 4.1 Fighting
 + Level 5.3 Long Blades
 + Level 3.7 Throwing
 + Level 2.2 Armour
 + Level 5.8 Dodging


You had 6 spell levels left.
You didn't know any spells.
Your spell library contained the following spells:

 Spells                   Type           Power      Damage    Failure   Level
 Magic Dart               Conj           0%         1d3       47%         1
 Call Imp                 Summ           0%         N/A       63%         2
 Ensorcelled Hibernation  Hex/Ice        0%         N/A       63%         2
 Passwall                 Tmut/Erth      0%         N/A       63%         2
 Mephitic Cloud           Conj/Pois/Air  0%         N/A       85%         3
 Swiftness                Air            0%         N/A       85%         3


Dungeon Overview and Level Annotations

Branches:
Dungeon (5/15)
 Temple: D:4-7

Altars:
Elyvilon
Fedhas
Qazlal


Innate Abilities, Weirdness & Mutations

((You are very nimble when in or above water. (Stealth+, EV+, Speed+++)))
Your lower body shifts to a powerful aquatic tail in water.


Message History

You hit the iguana.
The iguana is heavily wounded.
The iguana bites you.
You hit the iguana.
The iguana is severely wounded.
The iguana bites you!
You hit the iguana.
The iguana is almost dead.
The iguana bites you! The iguana completely misses you.
You hit the iguana but do no damage.
The iguana is almost dead.
The iguana misses you.
You closely miss the iguana.
The iguana is almost dead.
The iguana bites you but does no damage.
You puncture the iguana!
You kill the iguana!
You hit the iguana but do no damage.
The iguana bites you but does no damage.
The iguana bites you!
* * * LOW HITPOINT WARNING * * *
You hit the iguana.
The iguana is lightly wounded.
The iguana misses you.
You hit the iguana but do no damage.
The iguana is lightly wounded.
The iguana bites you.
* * * LOW HITPOINT WARNING * * *
You hit the iguana.
The iguana is heavily wounded.
The iguana closely misses you.
You hit the iguana.
The iguana is severely wounded.
The iguana bites you!
* * * LOW HITPOINT WARNING * * *
The iguana closely misses you.
You hit the iguana.
You kill the iguana!
You barely miss the iguana. The iguana bites you!
You die...

. #... ..
#...####
...#......# #
..........#
...
#......##....
#..........
#....######
#....####.#
#....l@...#
.....#######.#
##### #.# #.#
#.# #.# #.#
#.# #.#


You could see an iguana.

Vanquished Creatures
  A black bear (D:3)
  A phantom (D:4)
  2 jellies (D:4)
  An orc priest (D:3)
  3 iguanas
  An orc wizard (D:4)
  3 gnolls (D:2)
  5 adders
  A worm (D:3)
  A dart slug (D:2)
  11 orcs
  5 ball pythons
  5 endoplasms
  4 giant cockroaches
  7 goblins
  10 hobgoblins
  3 kobolds
  2 quokkas
  3 bats
  2 frilled lizards (D:1)
  4 rats
75 creatures vanquished.

Notes
Turn   | Place    | Note
-------+----------+-------------------------------------------
     0 | D:1      | voltaire321 the Merfolk Gladiator began the quest for the
                  | Orb.
     0 | D:1      | Reached XP level 1. HP: 16/16 MP: 1/1
    92 | D:1      | Reached XP level 2. HP: 18/23 MP: 2/2
   441 | D:1      | Reached XP level 3. HP: 28/28 MP: 3/3
  1186 | D:2      | Identified the +7 dagger of the Final Decision {heavy,
                  | +Blink Will+ Dex+2 SInv}
  1199 | D:2      | Reached XP level 4. HP: 25/34 MP: 4/4
  1202 | D:2      | Reached skill level 1 in Armour
  1203 | D:2      | HP: 1/34 [gnoll/+0 halberd (6)]
  1459 | D:2      | Found a white marble altar of Elyvilon.
  1579 | D:3      | Noticed a black bear
  1621 | D:3      | Reached XP level 5. HP: 41/41 MP: 5/5
  1883 | D:3      | Killed a black bear
  1884 | D:3      | Reached skill level 5 in Dodging
  1884 | D:3      | Reached XP level 6. HP: 37/47 MP: 6/6
  2247 | D:4      | Found a stormy altar of Qazlal.
  2332 | D:4      | Found a blossoming altar of Fedhas.
  2830 | D:4      | Reached skill level 5 in Long Blades
  3155 | D:4      | Reached XP level 7. HP: 52/54 MP: 7/7
  3365 | D:5      | Entered Level 5 of the Dungeon
  3410 | D:5      | HP: 1/54 [iguana (8)]
  3412 | D:5      | Mangled by an iguana

Illustrated notes

Levels and vault maps discovered:
D:1:      lightli_arrival_statuegarden, layout_loops_cross, grunt_decor_junction
D:2:      layout_basic, basic_altar
D:3:      layout_loops_cross
D:4:      layout_loops_corners, grunt_temple_overflow_forces_of_nature,
          grunt_ministairs_5, kennysheep_decorative_pillar
D:5:      layout_basic, kennysheep_mini, old_standard_altar,
          minmay_temple_entry_statues_fountains, serial_shops,
          nicolae_shop_window_shopping, gammafunk_ghost_grave

Skill      XL: |  1  2  3  4  5  6 |
---------------+-------------------+-----
Long Blades    | 4 5 |  5.3
Armour         | 1 2 |  2.2
Fighting       | 3 4 |  4.1
Throwing       | 3 |  3.7
Dodging        | 5 |  5.8

Action                   |  1- 3 |  4- 6 |  7- 9 || total
-------------------------+-------+-------+-------++-------
Melee: Long sword        |    74 |     6 |       ||    80
       Dagger            |       |    90 |    21 ||   111
Throw: Javelin           |     1 |       |       ||     1
 Stab: Sleeping          |     3 |     1 |       ||     4
Armor: Leather armour    |    13 |    20 |     4 ||    37
Dodge: Dodged            |    48 |    74 |    12 ||   134

Table legend: (Time is in decaauts)
 A = Elapsed time spent in this place.
 B = Non-inter-level travel time spent in this place.
 C = Inter-level travel time spent in this place.
 D = Time resting spent in this place.
 E = Time spent auto-exploring this place.
 F = Levels seen in this place.
 G = Mean time per level.
                   A        B        C        D        E       F      G
               +--------+--------+--------+--------+--------+-----+--------+
         Total |   3450 |   3324 |    126 |    227 |   2475 |   5 |  690.0 |
       Dungeon |   3450 |   3324 |    126 |    227 |   2475 |   5 |  690.0 |
               +--------+--------+--------+--------+--------+-----+--------+

Top non-repeatable levels by time:
     D:4: 1132 daAuts
     D:2: 987 daAuts
     D:3: 683 daAuts
     D:1: 596 daAuts
     D:5: 50 daAuts
